 Dungeon Crawl Stone Soup version 0.28-a0-1130-gc51a68064b (webtiles) character file.

Game seed: 18027114560792710089

79 ducksouse the Covered (level 4, -4/40 HPs)
             Began as a Minotaur Fighter on Dec 12, 2021.
             Was a Plaything of Xom.
             Slain by Grinder (5 damage)
             ... while paralysed by Grinder
             ... on level 3 of the Dungeon.
             The game lasted 00:05:26 (1866 turns).

ducksouse the Covered (Minotaur Fighter)            Turns: 1866, Time: 00:05:26

Health: -4/40      AC:  7    Str: 23    XL:     4   Next: 17%
Magic:  3/3        EV:  2    Int:  5    God:    Xom [....*.]
Gold:   39         SH:  0    Dex:  9    Spells: 3/3 levels left

rFire   . . .      SeeInvis .   a - +0 long sword
rCold   . . .      Faith    .   n - +0 tower shield
rNeg    . . .      Spirit   .   b - +0 scale mail
rPois   .          Reflect  .   (helmet restricted)
rElec   .          Harm     .   (no cloak)
rCorr   .          Rampage  .   (no gloves)
Will    .....                   (no boots)
Stlth   ..........              h - amulet of magic regeneration
HPRegen 0.13/turn               (no ring)
MPRegen 0.48/turn               (no ring)

@: paralysed
A: horns 2, retaliatory headbutt
a: Renounce Religion


You were on level 3 of the Dungeon.
You worshipped Xom.
You were a beloved toy of Xom.
You visited 1 branch of the dungeon, and saw 3 of its levels.

You collected 39 gold pieces.

Inventory:

Hand Weapons
 a - a +0 long sword (weapon)
Missiles
 f - 65 arrows
 p - 5 boomerangs (quivered)
Armour
 b - a +0 scale mail (worn)
 c - a +0 buckler
 n - a +0 tower shield (worn)
Magical Staves
 l - a staff of death
 m - a staff of death
Jewellery
 h - an amulet of magic regeneration (around neck)
Scrolls
 e - a scroll of acquirement {unknown}
 g - a scroll of magic mapping {unknown}
 i - a scroll of noise {unknown}
 j - 3 scrolls of identify {unknown}
 s - a scroll of fear {unknown}
Potions
 d - 2 potions of might
 k - a potion of attraction {unknown}
 o - a potion of flight {unknown}
 q - a potion of degeneration {unknown}
 r - a potion of lignification {unknown}


   Skills:
 + Level 4.3 Fighting
 + Level 3.5 Long Blades
 + Level 4.4 Armour
 + Level 4.3 Shields


You had 3 spell levels left.
You didn't know any spells.
Your spell library contained the following spells:

 Spells                   Type           Power      Damage    Failure   Level
 Pain                     Necr           0%         1d4       100%        1
 Poisonous Vapours        Pois/Air       0%         N/A       100%        2
 Agony                    Necr           0%         N/A       100%        5


Dungeon Overview and Level Annotations

Branches:
Dungeon (3/15)

Altars:
Xom

Annotations:
D:3 Grinder


Innate Abilities, Weirdness & Mutations

You have a pair of horns on your head.
You reflexively headbutt those who attack you in melee.


Message History

The kobold chortles and stares into space.
There is an open door here.
You see here a rat corpse.
You open the door.
An adder and 2 goblins come into view.
The goblin shouts! x2
The goblin hits you but does no damage.
There is an open door here.
You hit the goblin.
The goblin is heavily wounded.
The goblin hits you but does no damage. You block the goblin's attack.
You slash the goblin!
You kill the goblin!
The adder completely misses you.
You barely miss the adder. You block the adder's attack.
The adder bites you but does no damage. x2
You slash the adder!
You kill the adder!
You closely miss the goblin. Your headbutt misses the goblin.
The goblin hits you but does no damage. x2
The kobold chortles and stares into space.
You slash the goblin!
You kill the goblin!
You block Grinder's attack. Grinder hits you.
You writhe in agony.
You hit Grinder.
Grinder is heavily wounded.
The kobold closely misses Grinder.
Grinder gestures at you.
You suddenly lose the ability to move!
Grinder hits you.
* * * LOW HITPOINT WARNING * * *
You writhe in agony.
* * * LOW HITPOINT WARNING * * *
The kobold ponders the situation.
The kobold misses Grinder.
Grinder hits you.
* * * LOW HITPOINT WARNING * * *
Grinder hits you.
You die...
Xom laughs nastily!

#.5....# #.†....#
##K.....# ##'##+##+#
##.#..##..#
#..#.##...# #.#
###K##...# #.#
##.5#).# ######## #.#
##†##@##+##......# #.#
#†........# ..##.# #.#
#.8..8..8.# #.##.# #.#
#.........###.##.###.#
#####'######..........
#.#####......###.#
#............###.# #
###.###..........#
#..##...###.>........


You could see Grinder and a kobold (confused).

Vanquished Creatures
  An adder (D:3)
  A worm (D:2)
  A dart slug (D:1)
  4 endoplasms
  8 giant cockroaches
  8 hobgoblins
  3 jackals
  4 kobolds
  3 quokkas (D:1)
  8 ball pythons
  5 bats (D:1)
  2 frilled lizards
  4 goblins
  6 rats
58 creatures vanquished.

Notes
Turn   | Place    | Note
-------+----------+-------------------------------------------
     0 | D:1      | ducksouse the Minotaur Fighter began the quest for the Orb.
     0 | D:1      | Reached XP level 1. HP: 19/19 MP: 0/0
    93 | D:1      | Reached XP level 2. HP: 26/27 MP: 1/1
   271 | D:1      | Found a faded altar of an unknown god.
   292 | D:1      | Prayed at the altar of an unknown god.
   292 | D:1      | Became a worshipper of Xom of Many Doors
   402 | D:1      | XOM: silly message
   434 | D:1      | Reached XP level 3. HP: 33/33 MP: 2/2
   495 | D:1      | Got the Handbook of Twisted Intoxication
   515 | D:1      | XOM: god gift: 29 arrows
   601 | D:1      | XOM: 2-stop teleportation journey
   666 | D:1      | XOM: cloud trail
  1134 | D:2      | XOM: noise
  1368 | D:2      | XOM: god gift: staff of death
  1825 | D:3      | Noticed Grinder
  1826 | D:3      | XOM: cast spell 'Summon Mana Viper'
  1844 | D:3      | XOM: confuse monster(s)
  1845 | D:3      | Reached XP level 4. HP: 20/40 MP: 3/3
  1863 | D:3      | Paralysed by Grinder for 4 turns
  1865 | D:3      | HP: 1/40 [Grinder (6)]
  1866 | D:3      | Slain by Grinder

Illustrated notes

Levels and vault maps discovered:
D:1:      dpeg_arrival_solitude, layout_basic, basic_ecumenical_altar
D:2:      layout_loops_ring, palyth_stone_intersect,
          chequers_serial_rivers_small_3, uniq_crazy_yiuf_cottage
D:3:      minmay_chambers_of_threes, layout_loops_ring, uniq_grinder,
          uniq_jessica

Skill      XL: |  1  2 |
---------------+-------+-----
Armour         | 4 |  4.4
Shields        | 4 |  4.3
Fighting       | 4 |  4.3
Long Blades    | 3 |  3.5

Action                   |  1- 3 |  4- 6 || total
-------------------------+-------+-------++-------
Melee: Long sword        |   120 |    10 ||   130
       Headbutt          |    15 |       ||    15
Throw: Boomerang         |     7 |       ||     7
Armor: Scale mail        |    56 |     7 ||    63
Dodge: Dodged            |    44 |     1 ||    45
Block: Buckler           |    24 |       ||    24
       Tower shield      |    28 |     5 ||    33

Table legend: (Time is in decaauts)
 A = Elapsed time spent in this place.
 B = Non-inter-level travel time spent in this place.
 C = Inter-level travel time spent in this place.
 D = Time resting spent in this place.
 E = Time spent auto-exploring this place.
 F = Levels seen in this place.
 G = Mean time per level.
                   A        B        C        D        E       F      G
               +--------+--------+--------+--------+--------+-----+--------+
         Total |   1923 |   1855 |     68 |      0 |   1319 |   3 |  641.0 |
       Dungeon |   1923 |   1855 |     68 |      0 |   1319 |   3 |  641.0 |
               +--------+--------+--------+--------+--------+-----+--------+

Top non-repeatable levels by time:
     D:1: 1052 daAuts
     D:2: 669 daAuts
     D:3: 201 daAuts
